 Dungeon Crawl Stone Soup version 0.26-a0-752-gcff87cac9a (webtiles) character file.

Game seed: 12800009768293998190

99 iamoutofideas the Digger (level 4, -6/24 HPs)
             Began as a Gargoyle Earth Elementalist on Nov 7, 2020.
             Mangled by an orc
             ... wielding a +0 trident
              (9 damage)
             ... on level 2 of the Dungeon.
             The game lasted 00:02:11 (2849 turns).

iamoutofideas the Digger (GrEE)                     Turns: 2849, Time: 00:02:12

Health: -6/24      AC:  5    Str: 11    XL:     4   Next: 72%
Magic:  6/7        EV: 12    Int: 17    God:
Gold:   73         SH:  0    Dex: 10    Spells: 3/7 levels left

rFire    . . .     SeeInvis .     - Unarmed
rCold    . . .     Faith    .   (no shield)
rNeg     + . .     Spirit   .   c - +0 robe
rPois    ∞         Reflect  .   (no helmet)
rElec    +         Harm     .   (no cloak)
rCorr    .         Rampage  .   (no gloves)
MR       .....                  (no boots)
Stlth    ++........             (no amulet)
HPRegen  0.08/turn              (no ring)
MPRegen  0.10/turn              (no ring)

@: no status effects
A: negative energy resistance 1, electricity resistance, unbreathing,
petrification resistance, rot immunity, AC +3
a: no special abilities


You were on level 2 of the Dungeon.
You visited 1 branch of the dungeon, and saw 3 of its levels.

You collected 73 gold pieces.

Inventory:

Hand Weapons
 i - a +3 spear of pain
Missiles
 b - 48 stones (quivered)
Armour
 c - a +0 robe (worn)
Scrolls
 f - a scroll of teleportation {unknown}
 g - 2 scrolls of amnesia {unknown}
 k - a scroll of magic mapping {unknown}
Potions
 a - a potion of heal wounds {unknown}
 d - 2 potions of might {unknown}
 e - a potion of brilliance {unknown}
 h - a potion of haste {unknown}
 j - a potion of resistance {unknown}
 l - a potion of cancellation {unknown}


   Skills:
 - Level 0.2 Fighting
 - Level 2.2 Dodging
 - Level 2.5 Stealth
 - Level 1.0 Unarmed Combat
 - Level 2.3 Spellcasting
 * Level 1.5 Conjurations
   Level 0.7 Transmutations
 + Level 4.6 Earth Magic


You had 3 spell levels left.
You knew the following spells:

 Your Spells              Type           Power        Failure   Level
a - Sandblast             Erth           ###...       2%          1
b - Stone Arrow           Conj/Erth      ##....       16%         3

Your spell library contained the following spells:

 Spells                   Type           Power        Failure   Level
 Passwall                 Tmut/Erth      ##......     10%         2
 Petrify                  Tmut/Erth      ##......     52%         4
 Lee's Rapid Deconstruct  Erth           ###.......   58%         5


Dungeon Overview and Level Annotations

Branches:
Dungeon (3/15)

Altars:

Annotations:
D:1 1 runed translucent door


Innate Abilities, Weirdness & Mutations

You are resistant to torment.
Your stone body is resilient. (AC +3)
You are immune to poison.
You resist negative energy. (rN+)
You are resistant to electric shocks. (rElec)
You can survive without breathing.
You are immune to petrification.
You are immune to rotting.


Message History

The orc hits you with a +0 trident. The orc closely misses you.
You climb upwards.
There is a stone staircase leading down here.
Casting: Sandblast (safe; 2% risk of failure)
Confirm with . or Enter, or press ? or * to list all spells.
Aiming: Sandblast (safe; 2% risk of failure)
Press: ? - help, Shift-Dir - straight line, f - orc
Aim: an orc, wielding a +0 club The blast of sand hits the orc!
You kill the orc!
b - 48 stones The orc hits you with a +0 trident.
* * * LOW HITPOINT WARNING * * *
Casting: Sandblast (safe; 2% risk of failure)
Confirm with . or Enter, or press ? or * to list all spells.
Okay, then.
The orc hits you but does no damage.
You see here a +0 club.
The orc hits you from afar with a +0 trident!
You die...

.....................# #.##.#
.................(...###.##.###
##.#.#######.........##.......#
#.#.# ####...#####..##.#.# #.#.#
#..........##.#.### #.#.#
#...####.#.##.#.##. #.#.#
########.#^##.#.##. #>#.#
######....#....#.##.
##.#.#########..@...#######.#.##.
...#........##o####....#....#.##.
###########.##.# ####.#.####.##.
# #.##.# #.#.# #.##. #
#.##.#######...####.##. #
#.##.)>)............##.
###########.#####...#######.####.
.............####.#.### ##.## #.
###########..##...#...####.#.###.


You could see an orc.

Vanquished Creatures
  An orc priest (D:3)
  3 adders (D:2)
  An ooze (D:2)
  A leopard gecko (D:2)
  3 orcs (D:2)
  2 giant cockroaches
  6 goblins
  5 hobgoblins
  A quokka (D:2)
  4 bats
  4 frilled lizards
  2 kobolds
  5 rats
38 creatures vanquished.

Notes
Turn   | Place    | Note
-------+----------+-------------------------------------------
     0 | D:1      | iamoutofideas the Gargoyle Earth Elementalist began the
                  | quest for the Orb.
     0 | D:1      | Reached XP level 1. HP: 10/10 MP: 3/3
     1 | D:1      | Found a runed translucent door.
  1062 | D:1      | Reached XP level 2. HP: 15/15 MP: 3/5
  1065 | D:1      | Reached skill level 4 in Earth Magic
  1923 | D:2      | Reached XP level 3. HP: 19/19 MP: 3/6
  1995 | D:2      | Reached skill level 1 in Unarmed Combat
  2641 | D:2      | Reached XP level 4. HP: 16/24 MP: 5/7
  2649 | D:2      | Learned a level 3 spell: Stone Arrow
  2789 | D:3      | Reached skill level 1 in Conjurations
  2849 | D:2      | Mangled by an orc

Illustrated notes

Levels and vault maps discovered:
D:1:      dpeg_arrival_caged_fury, layout_basic
D:2:      layout_loops_ring, minivault_23
D:3:      layout_rooms, hangedman_decor_growths

Skill      XL: |  1  2  3  4 |
---------------+-------------+-----
Earth Magic    | 4 |  4.6
Dodging        | 2 |  2.2
Unarmed Combat | 1 |  1.0
Conjurations   | 1 |  1.5
Fighting       | |  0.2
Stealth        | |  2.5
Spellcasting   | |  2.3
Transmutations | |  0.7

Action                   |  1- 3 |  4- 6 || total
-------------------------+-------+-------++-------
Melee: Unarmed           |   177 |    26 ||   203
       Punch             |     1 |       ||     1
 Cast: Sandblast         |    16 |    10 ||    26
 Stab: Sleeping          |     4 |       ||     4
Armor: Robe              |    59 |    37 ||    96
Dodge: Dodged            |   126 |    38 ||   164

Table legend: (Time is in decaauts)
 A = Elapsed time spent in this place.
 B = Non-inter-level travel time spent in this place.
 C = Inter-level travel time spent in this place.
 D = Time resting spent in this place.
 E = Time spent auto-exploring this place.
 F = Levels seen in this place.
 G = Mean time per level.
                   A        B        C        D        E       F      G
               +--------+--------+--------+--------+--------+-----+--------+
         Total |   2848 |   2822 |     26 |    791 |   1624 |   3 |  949.3 |
       Dungeon |   2848 |   2822 |     26 |    791 |   1624 |   3 |  949.3 |
               +--------+--------+--------+--------+--------+-----+--------+

Top non-repeatable levels by time:
     D:1: 1698 daAuts
     D:2: 1086 daAuts
     D:3: 62 daAuts
